 Dungeon Crawl Stone Soup version 0.19.5 (webtiles) character file.

12307 Peloso the Carver (level 11, -2/106 HPs)
             Began as a Minotaur Fighter on Apr 14, 2017.
             Was a High Priest of Okawaru.
             Slain by a cyan ugly thing (15 damage)
             ... on level 11 of the Dungeon.
             The game lasted 00:27:02 (12420 turns).

Peloso the Carver (Minotaur Fighter)               Turns: 12420, Time: 00:27:04

Health: -2/106     AC: 14    Str: 21    XL:     11   Next: 60%
Magic:  9/10       EV:  8    Int:  8    God:    Okawaru [*****.]
Gold:   397        SH: 14    Dex: 13    Spells: 0 memorised, 10 levels left

rFire  . . .     SeeInvis +     a - +1 long sword
rCold  . . .     Gourm    .     u - +0 plate armour
rNeg   . . .     Faith    .     c - +1 shield
rPois  .         Spirit   .     (helmet restricted)
rElec  .         Reflect  .     (no cloak)
rCorr  .         Harm     .     (no gloves)
MR     .....                    (no boots)
Stlth  ..........               C - amulet of rage
                                H - +3 ring of intelligence
                                E - ring of see invisible

@: no status effects
A: retaliatory headbutt, claws 1, horns 2, robust 1, slow regeneration 1,
evolution 1
a: Heroism, Finesse, Renounce Religion, Evoke Berserk Rage


You were on level 11 of the Dungeon.
You worshipped Okawaru.
Okawaru was extremely pleased with you.
You were not hungry.

You visited 2 branches of the dungeon, and saw 12 of its levels.

You collected 397 gold pieces.

Inventory:

Hand Weapons
 a - a +1 long sword (weapon)
 e - a +0 short sword
 O - a +3 short sword
 S - a +2 hand axe of flaming
Armour
 b - a +0 scale mail
 c - a +1 shield (worn)
 o - a +0 pair of gloves
 u - a +0 plate armour (worn)
Jewellery
 m - a +3 ring of evasion
 n - an uncursed ring of resist corrosion {unknown}
 y - an uncursed ring of poison resistance
 C - an amulet of rage (around neck)
 E - a ring of see invisible (left claw)
 F - an uncursed ring of magical power
 H - a +3 ring of intelligence (right claw)
Wands
 r - a wand of polymorph (10/24)
 D - a wand of teleportation (3/9)
 K - a wand of enslavement (5/24)
 Q - a wand of heal wounds (2/9)
 R - a wand of acid (10/15)
Scrolls
 g - 5 scrolls of remove curse
 k - 5 scrolls of teleportation
 s - 2 scrolls of identify
 v - 3 scrolls of noise {unknown}
 w - a scroll of recharging
 B - 2 scrolls of random uselessness {unknown}
 J - 2 scrolls of enchant weapon
 N - a scroll of enchant armour
 P - a scroll of fear {unknown}
 V - a scroll of magic mapping {unknown}
Potions
 d - a potion of might
 h - a potion of flight
 i - a potion of heal wounds
 j - 2 potions of brilliance {unknown}
 p - a potion of berserk rage {unknown}
 q - 3 potions of mutation {unknown}
 t - 4 potions of ambrosia {unknown}
 x - 2 potions of curing {unknown}
 z - a potion of magic {unknown}
 A - 2 potions of haste
 L - 2 potions of cancellation {unknown}
Books
 M - a book of Frost

   Spells                             Type                      Level
   a - Freeze                         Ice                          1
   b - Throw Frost                    Conjuration/Ice              2
   c - Ozocubu's Armour               Charms/Ice                   3
   d - Throw Icicle                   Conjuration/Ice              4
   e - Summon Ice Beast               Ice/Summoning                4
 T - a book of Misfortune

   Spells                             Type                      Level
   a - Confusing Touch                Hexes                        1
   b - Confuse                        Hexes                        3
   c - Gell's Gravitas                Hexes/Translocation          3
   d - Petrify                        Transmutation/Earth          4
   e - Metabolic Englaciation         Hexes/Ice                    5
   f - Yara's Violent Unravelling     Hexes/Transmutation          5
Comestibles
 f - 9 bread rations
 l - 5 fruits
 G - a slice of pizza
 I - 2 meat rations
 U - a beef jerky


   Skills:
 + Level 9.2 Fighting
 + Level 12.7 Long Blades
 + Level 1.2 Axes
 + Level 10.7 Armour
 + Level 3.7 Dodging
 + Level 1.2 Stealth
 + Level 12.0 Shields
 + Level 0.2 Invocations


You had 10 spell levels left.
You didn't know any spells.

Dungeon Overview and Level Annotations

Branches:
Dungeon (11/15)            Temple (1/1) D:6            Lair (0/6) D:11
    Orc: D:9-12

Altars:
Ashenzari
Cheibriados
Dithmenos
Fedhas
Gozag
Hepliaklqana
Kikubaaqudgha
Makhleb
Nemelex Xobeh
Okawaru
Ru
Sif Muna
Trog
Uskayaw
Vehumet
Xom
Yredelemnul
The Shining One

Shops:
D:4 }


Innate Abilities, Weirdness & Mutations

You reflexively headbutt those who attack you in melee.
You have a pair of horns on your head.
You have sharp fingernails.
You are robust. (+10% HP)
You regenerate slowly when monsters are visible.
You evolve.


Message History

The cyan ugly thing is severely wounded.
You block the cyan ugly thing's attack.
The orc warrior hits you from afar with a glaive!
Your plate armour prevents you from hitting the cyan ugly thing.
The cyan ugly thing is severely wounded.
The cyan ugly thing tail-slaps you. The cyan ugly thing shocks you!
* * * LOW HITPOINT WARNING * * *
You barely miss the cyan ugly thing.
The cyan ugly thing is severely wounded.
You block the orc warrior's attack. You block the cyan ugly thing's attack.
You slash the cyan ugly thing!
The cyan ugly thing is severely wounded.
The orc warrior hits you but does no damage.
You slash the cyan ugly thing!
Your headbutt misses the cyan ugly thing.
The cyan ugly thing is almost dead.
The cyan ugly thing tail-slaps you!
* * * LOW HITPOINT WARNING * * *
The cyan ugly thing shocks you!
You die...

≈........≈..............######...
≈≈≈..............######## ##.#
≈≈≈≈≈............# #.#
≈≈≈.......≈≈.....# #.#
≈≈≈.......≈≈.....# #.#
..≈......≈≈......# #..
.................# ###
.................#
################@#
........o......#u#
.(((.((..o..#..#o#
..).........#..#o#
.......).oo.u...o#
....##.......(.###
...............# ...............#
################


You could see a cyan ugly thing, an orc warrior and 2 orcs.

Vanquished Creatures
  A hydra (D:11)
  2 hill giants (D:11)
  2 ugly things
  A manticore (D:7)
  The ghost of ShornTheSheep the Cudgeler, a novice GrBe of Trog (D:6)
  A two-headed ogre (D:9)
  2 trolls (D:11)
  A hippogriff (D:11)
  2 wyverns
  Eustachio (D:4)
  A spriggan (D:10)
  12 yaks (D:11)
  3 steam dragons
  A mottled dragon (D:11)
  5 orc warriors
  A porcupine (D:11)
  2 water moccasins
  4 sky beasts
  A swamp drake (D:11)
  4 ice beasts
  2 phantoms
  4 ogres (D:11)
  10 centaurs
  A crocodile (D:11)
  4 bullfrogs
  5 scorpions
  A water moccasin skeleton (D:7)
  4 wights (D:10)
  3 howler monkeys
  4 electric eels (D:11)
  A centaur zombie (D:9)
  7 crimson imps
  A quasit (D:8)
  5 orc wizards
  5 bullfrog skeletons
  6 orc priests
  6 hounds
  2 jellies
  Terence (D:3)
  2 iguanas
  7 worker ants
  A hound skeleton (D:7)
  3 worker ant zombies
  10 adders
  6 gnolls
  4 river rats (D:11)
  2 shadow imps
  An ooze (D:5)
  An adder zombie (D:8)
  An adder skeleton (D:9)
  2 worms
  6 dart slugs
  2 leopard geckos
  56 orcs
  7 bats
  3 giant cockroaches
  8 goblins
  6 hobgoblins
  6 jackals
  5 quokkas
  2 ball pythons
  6 frilled lizards
  A jackal skeleton (D:5)
  8 kobolds
  2 leopard gecko skeletons (D:5)
  A quokka skeleton (D:9)
  6 rats
285 creatures vanquished.

Vanquished Creatures (others)
  4 bushes (D:11)
  3 fungi (D:11)
  11 plants (D:11)
18 creatures vanquished.

Grand Total: 303 creatures vanquished

Notes
Turn   | Place    | Note
-------+----------+-------------------------------------------
     0 | D:1      | Peloso the Minotaur Fighter began the quest for the Orb.
     0 | D:1      | Reached XP level 1. HP: 19/19 MP: 0/0
   204 | D:1      | Reached XP level 2. HP: 23/27 MP: 1/1
   523 | D:1      | Reached XP level 3. HP: 24/33 MP: 2/2
   735 | D:2      | Reached XP level 4. HP: 18/40 MP: 3/3
   961 | D:2      | Reached skill level 1 in Dodging
  1642 | D:3      | Noticed a bullfrog
  1645 | D:3      | Noticed Terence
  1646 | D:3      | Killed a bullfrog
  1646 | D:3      | Reached skill level 5 in Shields
  1646 | D:3      | Reached XP level 5. HP: 44/46 MP: 4/4
  1665 | D:3      | Killed Terence
  1697 | D:3      | Found a sparkling altar of Nemelex Xobeh.
  2142 | D:3      | Reached XP level 6. HP: 45/52 MP: 5/5
  2533 | D:4      | Found a snail-covered altar of Cheibriados.
  2613 | D:4      | Reached skill level 5 in Armour
  2699 | D:4      | Found Pihaed's Gadget Shoppe.
  2886 | D:4      | Noticed Eustachio
  2904 | D:4      | Killed Eustachio
  2904 | D:4      | Reached skill level 5 in Long Blades
  2904 | D:4      | Reached XP level 7. HP: 55/60 MP: 6/6
  3602 | D:5      | Entered Level 5 of the Dungeon
  3651 | D:5      | Found a shimmering altar of Xom.
  3744 | D:5      | Reached skill level 5 in Fighting
  3883 | D:5      | Reached XP level 8. HP: 68/68 MP: 7/7
  4223 | D:6      | Found Ceblu's Gadget Shoppe.
  4302 | D:6      | Found a staircase to the Ecumenical Temple.
  4329 | Temple   | Entered the Ecumenical Temple
  4469 | Temple   | Became a worshipper of Warmaster Okawaru
  4531 | D:6      | Found a shadowy altar of Dithmenos.
  4628 | D:6      | Noticed ShornTheSheep's ghost (novice GrBe)
  4641 | D:6      | Killed ShornTheSheep's ghost
  4924 | D:7      | Reached * piety under Okawaru
  4924 | D:7      | Reached skill level 1 in Stealth
  5037 | D:7      | Reached XP level 9. HP: 61/75 MP: 8/8
  5401 | D:7      | Found a shimmering altar of Xom.
  5622 | D:7      | Reached ** piety under Okawaru
  5639 | D:7      | Noticed a manticore
  5655 | D:7      | Killed a manticore
  7049 | D:9      | Gained mutation: You have sharp fingernails. [potion of beneficial mutation]
  7050 | D:9      | Gained mutation: You are partially covered in thin metallic scales. (AC +2) [potion of beneficial mutation]
  7051 | D:9      | Gained mutation: You evolve. [potion of beneficial mutation]
  7183 | D:9      | Gained mutation: You are robust. (+10% HP) [potion of beneficial mutation]
  7203 | D:9      | Reached *** piety under Okawaru
  7203 | D:9      | Reached skill level 10 in Long Blades
  7249 | D:9      | Lost mutation: You are partially covered in thin metallic scales. (AC +2) [evolution]
  7475 | D:9      | Reached XP level 10. HP: 89/94 MP: 9/9
  7633 | D:9      | Reached skill level 10 in Shields
  7977 | D:10     | Entered Level 10 of the Dungeon
  8222 | D:10     | Reached **** piety under Okawaru
  8857 | D:11     | Noticed a white ugly thing
  8882 | D:10     | Killed a white ugly thing
  8882 | D:10     | Received a gift from Okawaru
  9821 | D:11     | Reached ***** piety under Okawaru
  9830 | D:11     | Reached XP level 11. HP: 94/104 MP: 10/10
 10491 | D:11     | Gained mutation: You regenerate slowly when monsters are visible. [evolution]
 10493 | D:11     | Noticed a hill giant
 10503 | D:11     | Killed a hill giant
 10503 | D:11     | Reached skill level 10 in Armour
 11596 | D:11     | Found a staircase to the Lair.
 11597 | D:11     | Noticed a purple ugly thing
 11621 | D:11     | Killed a purple ugly thing
 11757 | D:11     | Noticed a hill giant
 11768 | D:11     | Killed a hill giant
 11901 | D:11     | Noticed a five-headed hydra
 11913 | D:11     | Killed a one-headed hydra
 11919 | D:11     | Received a gift from Okawaru
 11950 | D:11     | Reached skill level 1 in Axes
 12006 | D:11     | Noticed a cyan ugly thing
 12420 | D:11     | Slain by a cyan ugly thing

Skill      XL: |  1  2  3  4  5  6  7  8  9 10 11 |
---------------+----------------------------------+-----
Armour         | 4 5 6 8 9 10 | 10.7
Fighting       | 4 5 7 8 9 |  9.2
Shields        | 4 5 6 8 9 11 12 | 12.0
Long Blades    | 3 4 5 6 8 10 11 12 | 12.7
Dodging        | 1 2 3 |  3.7
Stealth        | 1 |  1.2
Axes           | 1 |  1.2
Invocations    | |  0.2

Action                   |  1- 3 |  4- 6 |  7- 9 | 10-12 || total
-------------------------+-------+-------+-------+-------++-------
Melee: Long sword        |    92 |   191 |   389 |   493 ||  1165
       Headbutt          |    13 |    30 |    79 |   102 ||   224
       Short sword       |       |    26 |       |       ||    26
       Hand axe          |       |       |       |     8 ||     8
Invok: Heroism           |       |       |       |     5 ||     5
  Use: Scroll            |       |     6 |     6 |       ||    12
       Potion            |       |       |     4 |     2 ||     6
  Eat: Chunk             |       |     5 |    17 |    16 ||    38
Armor: Scale mail        |    39 |    73 |       |       ||   112
       Plate armour      |       |    24 |   163 |   141 ||   328
Dodge: Dodged            |    23 |    64 |   123 |    81 ||   291
Block: Shield            |    47 |   156 |   217 |   264 ||   684
       Rpst.: Long sword |     8 |    14 |    33 |    16 ||    71
